 Dungeon Crawl Stone Soup version 0.24-a0-434-gd57e52fea8 (webtiles) character file.

Game seed: 5733312764040891876

2646 OCTOBOI the Magician (level 9, -5/62 HPs)
             Began as an Octopode Summoner on June 15, 2019.
             Was a Believer of Yredelemnul.
             Killed from afar by an electric eel (9 damage)
             ... with a bolt of electricity
             ... on level 9 of the Dungeon.
             The game lasted 00:38:52 (9658 turns).

OCTOBOI the Magician (Octopode Summoner)            Turns: 9658, Time: 00:38:53

Health: -5/62      AC:  1    Str:  8    XL:     9   Next: 62%
Magic:  15/20      EV: 13    Int: 25    God:    Yredelemnul [**....]
Gold:   373        SH:  0    Dex: 12    Spells: 17/23 levels left

rFire    . . .     SeeInvis +   o - +10 dagger of the Rattle-Snake {flame, *Corrode rPois rN+ Int+5}
rCold    . . .     Gourm    .   (no shield)
rNeg     + . .     Faith    .   (helmet restricted)
rPois    +         Spirit   .   (no amulet)
rElec    .         Reflect  .   j - ring of see invisible
rCorr    .         Harm     .   (no ring)
MR       .....                  (no ring)
Stlth    +++.......             (no ring)
HPRegen  0.20/turn              (no ring)
MPRegen  0.17/turn              (no ring)
                                (no ring)
                                (no ring)

@: no status effects
A: almost no armour, stealthy swim, amphibious, 8 rings, constrict 8, camouflage
1, gelatinous body 1
a: Animate Remains, Recall Undead Slaves, Injury Mirror, Renounce Religion


You were on level 9 of the Dungeon.
You worshipped Yredelemnul.
Yredelemnul was pleased with you.
You were hungry.

You visited 2 branches of the dungeon, and saw 10 of its levels.

You collected 373 gold pieces.

Inventory:

Hand Weapons
 c - the +6 short sword "Affeg" {holy, Str+4 Int+2, unknown}
   (You found it on level 7 of the Dungeon)

   It has been blessed by the Shining One to cause great damage to the undead
   and demons.
   It affects your strength (+4).
   It affects your intelligence (+2).
   Yredelemnul disapproves of the use of such an item.
 l - a +0 falchion
 o - the +10 dagger of the Rattle-Snake (weapon) {flame, *Corrode rPois rN+ Int+5}
   (You found it on level 4 of the Dungeon)

   It has been specially enchanted to burn those struck by it, causing extra
   injury to most foes and up to half again as much damage against particularly
   susceptible opponents.
   It affects your intelligence (+5).
   It protects you from poison.
   It protects you from negative energy.
   It may corrode you when you take damage.
Jewellery
 j - a ring of see invisible (left tentacle)
Wands
 g - a wand of flame (19)
 m - a wand of polymorph (17)
 t - a wand of disintegration (19)
Scrolls
 d - 3 scrolls of teleportation
 e - 2 scrolls of blinking
 h - 4 scrolls of remove curse
 i - 2 scrolls of fog
 p - a scroll of fear
 s - a scroll of amnesia
Potions
 a - a potion of haste
 f - a potion of resistance
 k - 4 potions of curing
 n - a potion of ambrosia
 q - 2 potions of mutation {unknown}
 r - a potion of heal wounds {unknown}
 u - a potion of invisibility
Comestibles
 b - 7 rations
 v - 6 chunks of flesh


   Skills:
 + Level 6.1 Fighting
 - Level 2.0 Dodging
 - Level 2.6 Stealth
 * Level 7.8 Spellcasting
 - Level 5.1 Summonings
 - Level 5.0 Air Magic
 + Level 4.4 Invocations


You had 17 spell levels left.
You knew the following spells:

 Your Spells              Type           Power        Failure   Level  Hunger
b - Call Imp              Summ           #####...     1%          2    None
c - Summon Lightning Spi  Summ/Air       #####...     8%          4    ##.....

Your spell library contained the following spells:

 Spells                   Type           Power        Failure   Level  Hunger
 Summon Small Mammal      Summ           ####         1%          1    None
 Call Canine Familiar     Summ           #####...     2%          3    None
 Summon Guardian Golem    Hex/Summ       ###.....     6%          3    None
 Summon Ice Beast         Ice/Summ       ###.....     22%         4    ##.....


Dungeon Overview and Level Annotations

Branches:
Dungeon (9/15)             Temple (1/1) D:4
   Lair: D:8-11         Orc: D:9-12

Altars:
Ashenzari
Cheibriados
Dithmenos
Elyvilon
Fedhas
Gozag
Hepliaklqana
Kikubaaqudgha
Makhleb
Nemelex Xobeh
Okawaru
Qazlal
Ru
Sif Muna
Trog
Uskayaw
Vehumet
Wu Jian
Xom
Yredelemnul
Zin
The Shining One

Shops:
D:9 %

Annotations:
D:2 exclusion: downstairs
D:6 1 runed translucent door
D:7 2 transporters, whodunnit's ghost, novice DDFi


Innate Abilities, Weirdness & Mutations

You cannot wear most types of armour.
You are very stealthy in the water. (Stealth+)
You are amphibious.
You can wear up to eight rings at the same time.
You can use your tentacles to constrict eight enemies at once.
Your skin changes colour to match your surroundings (Stealth+).
Your rubbery body absorbs attacks. (AC +1, EV +1)


Message History

Your centaur skeleton is destroyed!
The bolt of electricity hits your white imp!
The bolt of electricity hits you!
Your crimson imp blinks!
Your white imp barely misses the electric eel.
The electric eel shoots out a bolt of lightning at you!
The bolt of electricity hits you!
* * * LOW HITPOINT WARNING * * *
Your white imp gestures at the electric eel.
The puff of frost misses the electric eel.
Your crimson imp blinks!
Your white imp completely misses the electric eel.
The electric eel shoots out a bolt of lightning at you!
The bolt of electricity hits you!
* * * LOW HITPOINT WARNING * * *
Your white imp barely misses the electric eel.
The electric eel shoots out a bolt of lightning at you!
The bolt of electricity hits you!
You die...
Your body rises from the dead as a mindless zombie.

≈...........≈≈≈...
.............≈.....
..................≈≈
...?..)8..........≈≈≈..
........./........≈≈≈...
.......≈≈≈...[...........
...:...≈≈≈...............≈
.......≈≈≈...............≈≈
..........@..............≈≈
≈≈†≈.....................!.
≈≈≈;.................(.....
≈≈5≈..§....................
≈≈≈≈.........≈≈)≈≈.........
≈≈≈≈.........≈≈≈≈≈.........
.............≈≈≈≈≈.........
.............≈≈≈≈≈..⌠.⌠....
....#........≈≈≈≈≈...∩.....


You could see an electric eel and a friendly lightning spire.

Vanquished Creatures
  3 phantoms
  Blork the orc (D:6)
  2 killer bees (D:8)
  3 crimson imps
  A bullfrog zombie (D:5)
  4 hounds
  An orc priest (D:3)
  A bullfrog skeleton (D:5)
  A centaur skeleton (D:8)
  4 iguanas
  An orc wizard (D:7)
  4 worker ants
  A hound skeleton (D:5)
  2 worker ant zombies
  A howler monkey skeleton (D:5)
  3 adders
  A worm (D:3)
  2 dart slugs (D:1)
  3 leopard geckos
  10 orcs
  A giant cockroach (D:4)
  6 goblins
  3 hobgoblins
  3 jackals (D:5)
  4 kobolds
  4 quokkas
  A ball python (D:2)
  5 bats
  3 frilled lizards
  A jackal skeleton (D:8)
  4 rats
84 creatures vanquished.

Vanquished Creatures (collateral kills)
  A two-headed ogre (D:8)
  Joseph (D:7)
  A steam dragon (D:7)
  Menkaure (D:6)
  3 orc warriors
  A phantom (D:8)
  A black bear (D:8)
  3 ogres
  4 centaurs
  2 bullfrogs
  A scorpion (D:7)
  4 killer bees (D:8)
  An electric eel (D:9)
  2 hounds
  2 jellies
  Crazy Yiuf (D:2)
  An orc priest (D:7)
  An iguana (D:4)
  6 orc wizards
  2 worker ants (D:4)
  6 adders
  5 gnolls
  A shadow imp (D:8)
  2 oozes (D:2)
  An adder zombie (D:7)
  A worm (D:2)
  2 dart slugs
  10 orcs
  5 bats
  3 giant cockroaches
  2 goblins
  6 hobgoblins
  3 kobolds
  A quokka (D:2)
  2 frilled lizards
89 creatures vanquished.

Vanquished Creatures (others)
  A centaur skeleton (D:9)
  An ogre zombie (D:8)
  A hound zombie (D:7)
  A steam dragon zombie (D:7)
  A gnoll skeleton (D:8)
  An orc zombie (D:5)
6 creatures vanquished.

Grand Total: 179 creatures vanquished

Notes
Turn   | Place    | Note
-------+----------+-------------------------------------------
     0 | D:1      | OCTOBOI the Octopode Summoner began the quest for the Orb.
     0 | D:1      | Reached XP level 1. HP: 11/11 MP: 3/3
   245 | D:1      | Reached XP level 2. HP: 17/18 MP: 3/5
   249 | D:1      | Learned a level 2 spell: Call Imp
   420 | D:1      | Reached skill level 1 in Fighting
  1328 | D:2      | Reached XP level 3. HP: 23/23 MP: 6/6
  1412 | D:2      | Found a sparkling altar of Nemelex Xobeh.
  2055 | D:2      | Reached XP level 4. HP: 29/29 MP: 8/8
  2133 | D:2      | Learned a level 4 spell: Summon Lightning Spire
  2228 | D:2      | Found a runed translucent door.
  2229 | D:2      | Noticed Crazy Yiuf
  2273 | D:2      | Killed Crazy Yiuf
  2466 | D:3      | Reached skill level 1 in Air Magic
  2608 | D:3      | Reached skill level 3 in Spellcasting
  2608 | D:3      | Reached XP level 5. HP: 34/34 MP: 3/9
  2924 | D:3      | Found a basalt altar of Yredelemnul.
  2933 | D:3      | Found a radiant altar of Vehumet.
  2935 | D:3      | Found an iron altar of Okawaru.
  3577 | D:3      | Became a worshipper of Yredelemnul the Dark
  3867 | D:4      | Got an ancient dagger
  4004 | D:4      | Found a staircase to the Ecumenical Temple.
  4020 | D:4      | Reached XP level 6. HP: 14/41 MP: 5/10
  4348 | Temple   | Entered the Ecumenical Temple
  4755 | D:4      | Reached skill level 5 in Summonings
  4865 | D:4      | Found a shimmering altar of Xom.
  5282 | D:5      | Entered Level 5 of the Dungeon
  5291 | D:5      | Identified the +10 dagger of the Rattle-Snake {flame,
                  | *Corrode rPois rN+ Int+5} (You found it on level 4 of the
                  | Dungeon)
  5758 | D:5      | Reached XP level 7. HP: 44/46 MP: 7/12
  5839 | D:5      | Reached * piety under Yredelemnul
  5847 | D:5      | Reached skill level 4 in Spellcasting
  6232 | D:5      | Found an ancient bone altar of Kikubaaqudgha.
  6319 | D:6      | Noticed Blork the orc
  6615 | D:6      | Found a runed translucent door.
  6616 | D:6      | Found a white marble altar of Elyvilon.
  6616 | D:6      | Noticed an angel
  6818 | D:6      | Reached XP level 8. HP: 47/54 MP: 0/15
  7009 | D:6      | Killed Blork the orc
  7009 | D:6      | Reached skill level 5 in Spellcasting
  7009 | D:6      | Reached skill level 5 in Air Magic
  7231 | D:6      | Noticed Menkaure
  7237 | D:6      | Killed Menkaure
  7747 | D:7      | Got a slimy short sword
  7756 | D:7      | Found a shadowy altar of Dithmenos.
  7859 | D:7      | Reached skill level 1 in Invocations
  7898 | D:7      | Noticed a +0 dagger
  7910 | D:7      | Noticed a +0 hand axe
  7913 | D:7      | Found a hide-covered altar of Uskayaw.
  7914 | D:7      | Noticed Joseph
  8151 | D:7      | Killed Joseph
  8151 | D:7      | Reached skill level 6 in Spellcasting
  8375 | D:7      | Found a transporter.
  8384 | D:7      | Found a transporter.
  8388 | D:7      | Found a bloodstained altar of Trog.
  8398 | D:7      | Noticed a troll
  8398 | D:7      | Noticed a moth of wrath
  8398 | D:7      | Noticed whodunnit's ghost (novice DDFi)
  8511 | D:7      | Reached skill level 5 in Fighting
  8610 | D:7      | Reached ** piety under Yredelemnul
  8661 | D:7      | Reached XP level 9. HP: 59/61 MP: 7/18
  8885 | D:8      | Reached skill level 7 in Spellcasting
  9334 | D:8      | Noticed a two-headed ogre
  9373 | D:8      | Killed a two-headed ogre
  9613 | D:9      | Found Sippan Munwo's Food Shoppe.
  9658 | D:9      | Killed from afar by an electric eel

Levels and vault maps discovered:
D:1:      grunt_arrival_lava_bath, layout_basic, minmay_misc_feat_tower
D:2:      layout_basic, lemuel_doored_altar, uniq_crazy_yiuf_cottage
D:3:      layout_basic, grunt_temple_overflow_open
D:4:      layout_basic, nicolae_overflow_hidden_temple,
          minmay_temple_entry_purple_smoke, first_ration, minmay_cut_off
D:5:      minmay_recursive_quarters, layout_basic, kennysheep_little_box
D:6:      layout_layer_cave, lemuel_angel_altar, uniq_menkaure,
          uniq_blork_the_orc
D:7:      layout_rooms, dancing_weapons_uskayaw,
          gammafunk_ghost_wrathful_warriors, grunt_dithmenos_smoke_and_mirrors,
          uniq_joseph
D:8:      layout_rooms
D:9:      layout_big_octagon, serial_shops, shop_fountains, shop,
          nicolae_shop_statue_plus, shop, grunt_livestock, lemuel_altar_in_water
Temple:   eino_temple_water

Skill      XL: |  1  2  3  4  5  6  7  8  9 |
---------------+----------------------------+-----
Fighting       | 1 2 3 5 6 |  6.1
Air Magic      | 1 2 3 4 5 |  5.0
Spellcasting   | 3 4 6 7 |  7.8
Summonings     | 5 |  5.1
Invocations    | 2 4 |  4.4
Dodging        | |  2.0
Stealth        | |  2.6

Action                   |  1- 3 |  4- 6 |  7- 9 || total
-------------------------+-------+-------+-------++-------
Melee: Unarmed           |    69 |    11 |       ||    80
       Tentacles         |    13 |    13 |     9 ||    35
       Constrict         |    18 |    16 |    18 ||    52
       Falchion          |       |    44 |       ||    44
       Dagger            |       |    13 |    99 ||   112
 Cast: Summon Small Mamm |    11 |     2 |       ||    13
       Call Imp          |    20 |    36 |    25 ||    81
       Summon Lightning  |       |       |    32 ||    32
Invok: Animate Remains   |       |       |     9 ||     9
  Use: Scroll            |       |    12 |     3 ||    15
 Stab: Sleeping          |     8 |     8 |     6 ||    22
       Distracted        |       |     1 |     1 ||     2
  Eat: Chunk             |     5 |     9 |    15 ||    29
       Ration            |       |     1 |     1 ||     2
Armor: Skin              |    15 |     4 |     4 ||    23
Dodge: Dodged            |    53 |    32 |    56 ||   141
       Rpst.: Falchion   |       |     7 |       ||     7

Table legend:
 A = Non-vault XP
 B = Vault XP
 C = Vault XP percentage of total XP
 D = Non-vault monster count
 E = Vault monster count
 F = Vault count percentage of total count
                 A         B        C        D         E       F
            +---------+---------+-------+---------+---------+-------
      Total |    3247 |     534 |  14.1 |     162 |      11 |   6.4
            +---------+---------+-------+---------+---------+-------
        D:1 |      31 |       0 |   0.0 |      21 |       0 |   0.0
        D:2 |      55 |      21 |  27.6 |      25 |       1 |   3.8
        D:3 |     130 |       0 |   0.0 |      21 |       0 |   0.0
        D:4 |     168 |      39 |  18.8 |       9 |       3 |  25.0
        D:5 |     624 |     125 |  16.7 |      21 |       4 |  16.0
        D:6 |     216 |     145 |  40.2 |      13 |       2 |  13.3
        D:7 |     599 |     204 |  25.4 |      22 |       1 |   4.3
        D:8 |    1284 |       0 |   0.0 |      27 |       0 |   0.0
        D:9 |     140 |       0 |   0.0 |       3 |       0 |   0.0
            +---------+---------+-------+---------+---------+-------
